 Dungeon Crawl Stone Soup version 0.20.1-1-g8b1a95d (webtiles) character file.

1306 gobwax the Carver (level 8, -4/59 HPs)
             Began as a Barachi Fighter on July 10, 2017.
             Was an Initiate of Cheibriados.
             Slain by a sky beast (6 damage)
             ... on level 5 of the Dungeon.
             The game lasted 00:11:02 (5095 turns).

gobwax the Carver (Barachi Fighter)                 Turns: 5095, Time: 00:11:03

Health: -4/59      AC:  6    Str: 24    XL:     8   Next: 57%
Magic:  5/8        EV:  9    Int: 11    God:    Cheibriados [......]
Gold:   173        SH:  6    Dex: 12    Spells: 7/7 levels left

rFire    . . .     SeeInvis .   a - +0 long sword
rCold    . . .     Gourm    .   (no shield)
rNeg     . . .     Faith    .   b - +0 scale mail
rPois    +         Spirit   .   (no helmet)
rElec    .         Reflect  +   w - scarf {repulsion}
rCorr    .         Harm     .   (no gloves)
MR       .....                  (no boots)
Stlth    ..........             E - +6 amulet of reflection
Regen    0.2/turn               l - +4 ring of strength
MPRegen  0.2/turn               r - ring of poison resistance

@: drained, repel missiles, very slow
A: +LOS, swims, slowness 1, strong legs 1
a: Hop, Bend Time, Renounce Religion


You were on level 5 of the Dungeon.
You worshipped Cheibriados.
Cheibriados was noncommittal.
You were not hungry.

You visited 2 branches of the dungeon, and saw 6 of its levels.
You also visited: Sewer.

You collected 173 gold pieces.

Inventory:

Hand Weapons
 a - a +0 long sword (weapon)
Armour
 b - a +0 scale mail (worn)
 c - a +0 shield
 w - a scarf of repulsion (worn)
Jewellery
 h - an uncursed amulet of rage
 l - a +4 ring of strength (left hand)
 p - an uncursed amulet of harm
 r - a ring of poison resistance (right hand)
 E - a +6 amulet of reflection (around neck)
Scrolls
 i - 5 scrolls of remove curse {unknown}
 j - 4 scrolls of identify
 k - 3 scrolls of recharging {unknown}
 o - 2 scrolls of amnesia {unknown}
 s - 3 scrolls of teleportation {unknown}
 t - a scroll of magic mapping {unknown}
 u - a scroll of enchant armour {unknown}
 y - 2 scrolls of enchant weapon {unknown}
 z - a scroll of fog {unknown}
 A - a scroll of blinking {unknown}
 B - 2 scrolls of fear {unknown}
 C - a scroll of immolation {unknown}
 G - a scroll of random uselessness {unknown}
Potions
 d - 2 potions of might
 e - 4 potions of curing
 g - 2 potions of brilliance
 v - 2 potions of degeneration {unknown}
 x - 2 potions of flight {unknown}
 D - a potion of haste
 H - a potion of agility {unknown}
Comestibles
 f - 5 bread rations
 m - 7 fruits
 n - 2 meat rations
 q - 2 royal jellies
 F - a chunk of flesh


   Skills:
 - Level 3.6(3.1) Fighting
 * Level 12.0(11.4) Long Blades
 - Level 3.6(3.1) Armour
 - Level 3.2(2.7) Shields


You had 7 spell levels left.
You didn't know any spells.

Dungeon Overview and Level Annotations

Branches:
Dungeon (5/15)             Temple (1/1) D:5

Altars:
Ashenzari
Cheibriados
Elyvilon
Fedhas
Gozag
Hepliaklqana
Kikubaaqudgha
Makhleb
Ru
Sif Muna
Trog
Uskayaw
Xom
Yredelemnul

Shops:
D:4 %

Annotations:
D:3 1 runed door


Innate Abilities, Weirdness & Mutations

Shadows flee at your approach. (+LOS)
You can swim through water.
You cover ground slowly.
You can hop short distances.


Message History

* * * LOW HITPOINT WARNING * * *
You block the sky beast's attack.
Things that are here:
a whip; a robe The sky beast flickers out of sight!
Deactivating autopickup; reactivate with Ctrl-A.
Something hits you.
* * * LOW HITPOINT WARNING * * *
Something shocks you.
* * * LOW HITPOINT WARNING * * *
You miss something. Something hits you.
* * * LOW HITPOINT WARNING * * *
Something shocks you.
* * * LOW HITPOINT WARNING * * *
You fail to use your ability.
Something hits you but does no damage. The flow of time bends around you.
Something resists with some effort.
You feel slightly more hungry. Something hits you.
* * * LOW HITPOINT WARNING * * *
Something shocks you.
You die...

....##..........# ♣#.
.............##.^ ♣≈.
..............#.# ._#
..............#.# ≈.≈#
....##........#.# ≈.#
...†..........#.### ♣##
#......#......#...##^#####..
................##..........
........###.....@)..........
........###.....####†.....##
#.........................#
#...............#...........
#.....#.....................
#..<..#........#.####.##....
#................# .# ....
#................# .# ...
.................# .. ..


There were no monsters in sight!

Vanquished Creatures
  The ghost of Brobin the Chopper, a novice DrBe of Trog (D:4)
  2 scorpions (D:4)
  A howler monkey (D:5)
  A crimson imp (D:5)
  A hound (D:4)
  A jelly (D:5)
  A bullfrog skeleton (D:5)
  A gnoll shaman (D:5)
  2 orc priests
  4 orc wizards
  An iguana (D:4)
  4 worker ants
  3 gnolls (D:1)
  12 adders
  2 river rats
  2 oozes (D:3)
  2 adder skeletons (D:4)
  A worm (D:2)
  2 leopard geckos
  20 orcs
  10 bats
  4 giant cockroaches
  5 hobgoblins
  4 jackals (D:2)
  3 ball pythons
  14 frilled lizards
  2 goblins
  6 kobolds
  17 rats
129 creatures vanquished.

Notes
Turn   | Place    | Note
-------+----------+-------------------------------------------
     0 | D:1      | gobwax the Barachi Fighter began the quest for the Orb.
     0 | D:1      | Reached XP level 1. HP: 18/18 MP: 1/1
   142 | D:1      | Reached skill level 3 in Long Blades
   206 | D:1      | Reached XP level 2. HP: 22/24 MP: 2/2
   532 | D:1      | Reached skill level 4 in Long Blades
   532 | D:1      | Reached XP level 3. HP: 11/29 MP: 3/3
   866 | D:2      | Reached skill level 5 in Long Blades
   866 | D:2      | Reached XP level 4. HP: 36/36 MP: 4/4
  1660 | D:3      | Reached skill level 6 in Long Blades
  1660 | D:3      | Reached XP level 5. HP: 21/41 MP: 5/5
  1740 | D:3      | Found a white marble altar of Elyvilon.
  1740 | D:3      | Noticed an angel
  1741 | D:3      | Found a runed door.
  1863 | D:3      | Found a glowing drain.
  1867 | Sewer    | Entered a sewer
  2104 | Sewer    | Reached skill level 7 in Long Blades
  2645 | D:3      | Reached XP level 6. HP: 44/47 MP: 6/6
  2984 | D:3      | Found a blossoming altar of Fedhas.
  3017 | D:3      | Reached skill level 8 in Long Blades
  3145 | D:3      | Found a hazy altar of Hepliaklqana.
  3224 | D:3      | Found a shattered altar of Ashenzari.
  3646 | D:4      | Noticed Brobin's ghost (novice DrBe)
  3661 | D:4      | Killed Brobin's ghost
  3661 | D:4      | Reached skill level 10 in Long Blades
  3661 | D:4      | Reached XP level 7. HP: 43/52 MP: 7/7
  3661 | D:4      | Reached XP level 8. HP: 49/59 MP: 8/8
  3842 | D:4      | Reached skill level 11 in Long Blades
  4540 | D:4      | Found Eliwkew's Food Shoppe.
  4820 | D:4      | Found a basalt altar of Yredelemnul.
  4897 | D:5      | Entered Level 5 of the Dungeon
  4897 | D:5      | Found a staircase to the Ecumenical Temple.
  4900 | D:5      | Found a sacrificial altar of Ru.
  4916 | Temple   | Entered the Ecumenical Temple
  4939 | Temple   | Became a worshipper of Cheibriados the Contemplative
  5059 | D:5      | Found a shimmering altar of Xom.
  5089 | D:5      | Reached skill level 12 in Long Blades
  5095 | D:5      | HP: 2/59 [something (2)]
  5095 | D:5      | Slain by a sky beast

Skill      XL: |  1  2  3  4  5  6  7  8 |
---------------+-------------------------+-----
Long Blades    | 3 4 5 6 7 10 12 | 12.0
Fighting       | |  3.6
Armour         | |  3.6
Shields        | |  3.2

Action                   |  1- 3 |  4- 6 |  7- 9 || total
-------------------------+-------+-------+-------++-------
Melee: Long sword        |    46 |   297 |   108 ||   451
Invok: Bend Time         |       |       |     1 ||     1
 Abil: Hop               |       |       |     1 ||     1
  Use: Potion            |       |     5 |     2 ||     7
       Scroll            |       |     1 |     2 ||     3
  Eat: Chunk             |       |    10 |     5 ||    15
       Fruit             |       |       |     1 ||     1
Armor: Scale mail        |    27 |   125 |    31 ||   183
Dodge: Dodged            |    29 |   160 |    38 ||   227
       Deflected         |       |     3 |       ||     3
Block: Shield            |     6 |       |       ||     6
       Other             |       |       |    27 ||    27
       Rpst.: Long sword |     8 |    38 |    17 ||    63
